 Dungeon Crawl Stone Soup version 0.29-a0-1009-g60c99734e7 (webtiles) character file.

Game seed: 3213430888603454925

75 drugrobin the Trooper (level 3, 0/33 HPs)
             Began as a Demigod Fighter on Aug 8, 2022.
             Slain by a dart slug (3 damage)
             ... on level 3 of the Dungeon.
             The game lasted 00:03:42 (1490 turns).

drugrobin the Trooper (Demigod Fighter)             Turns: 1490, Time: 00:03:42

Health: 0/33       AC:  8    Str: 21    XL:     3   Next: 88%
Magic:  5/5        EV:  7    Int: 10    God:
Gold:   122        SH:  9    Dex: 13    Spells: 2/2 levels left

rFire   . . .      SeeInvis .   a - +0 war axe
rCold   . . .      Faith    .   c - +0 buckler
rNeg    . . .      Spirit   .   l - +0 chain mail
rPois   .          Reflect  +   (no helmet)
rElec   .          Harm     .   (no cloak)
rCorr   .          Rampage  .   (no gloves)
Will    .....                   (no boots)
Stlth   ..........              h - amulet of reflection
HPRegen 0.11/turn               (no ring)
MPRegen 0.09/turn               (no ring)

@: no status effects
A: high MP 1, forlorn, divine attributes
a: no special abilities


You were on level 3 of the Dungeon.
You visited 1 branch of the dungeon, and saw 3 of its levels.

You collected 122 gold pieces.

Inventory:

Hand Weapons
 a - a +0 war axe (weapon)
 b - a +0 sling
Armour
 c - a +0 buckler (worn)
 l - a +0 chain mail (worn)
 m - a +0 scale mail
Jewellery
 h - an amulet of reflection (around neck)
Scrolls
 g - a scroll of vulnerability {unknown}
 j - a scroll of enchant weapon {unknown}
 n - a scroll of teleportation {unknown}
 o - a scroll of identify {unknown}
 p - a scroll of acquirement {unknown}
Potions
 d - a potion of might
 e - 3 potions of brilliance {unknown}
 f - 2 potions of attraction {unknown}
 i - a potion of heal wounds {unknown}
 k - a potion of degeneration {unknown}


   Skills:
 * Level 3.6 Fighting
 + Level 3.1 Axes
 - Level 2.6 Armour
 - Level 2.6 Shields


You had 2 spell levels left.
You didn't know any spells.
Your spell library contained the following spells:

 Spells                   Type           Power      Damage    Failure   Level
 Leda's Liquefaction      Hex/Erth       0%         N/A       100%        4
 Lee's Rapid Deconstruct  Erth           0%         3d5*      100%        5
 Statue Form              Tmut/Erth      0%         N/A       100%        6


Dungeon Overview and Level Annotations

Branches:
Dungeon (3/15)

Shops:
D:2 (


Innate Abilities, Weirdness & Mutations

You have an increased reservoir of magic. (+10% MP)
You shall have no god before yourself.
Your divine heritage dramatically boosts your attributes as you level up.


Message History

You closely miss Terence. Terence closely misses you.
You hit Terence but do no damage. You block Terence's attack.
Terence barely misses you.
Unknown command.
You hit Terence.
Terence is moderately wounded.
Terence hits you with a +2 vorpal falchion.
You slash Terence!
Terence is heavily wounded.
Terence hits you with a +2 vorpal falchion.
You hit Terence.
Terence is almost dead.
Terence says, "Did you write a will?
You should..."
You block Terence's attack.
Terence hits you with a +2 vorpal falchion!
You closely miss Terence.
Terence is almost dead.
Terence hits you with a +2 vorpal falchion!
* * * LOW HITPOINT WARNING * * *
x2 Unknown command.
Unknown command.
Unknown command.
Unknown command.
You slash Terence!
You kill Terence!
Unknown command.
Unknown command.
Unknown command.
Unknown command.
You hit the dart slug.
The dart slug is moderately wounded.
The dart slug launches a dart at you.
The slug dart hits you but does no damage.
Unknown command.
Unknown command.
Unknown command.
You hit the dart slug but do no damage.
The dart slug is moderately wounded.
The dart slug bites you.
You die...

########.## ##.
..........# ..
.###..##..#
###..
###..##..##....
...............
##....#..##....
##........#####
.......w...#
......#@#..#
##......#..#
##..#.##..#
#..#. ..# #....
.# #.##. .. ##


You could see a dart slug.

Vanquished Creatures
  Terence (D:3)
  An adder (D:2)
  2 dart slugs
  8 ball pythons
  An endoplasm (D:2)
  4 giant cockroaches
  3 goblins
  5 hobgoblins
  4 bats
  5 frilled lizards
  3 kobolds
37 creatures vanquished.

Notes
Turn   | Place    | Note
-------+----------+-------------------------------------------
     0 | D:1      | drugrobin the Demigod Fighter began the quest for the Orb.
     0 | D:1      | Reached XP level 1. HP: 18/18 MP: 3/3
   290 | D:1      | Reached XP level 2. HP: 25/25 MP: 4/4
   866 | D:2      | Found Gixt's Antique Weapon Boutique.
  1196 | D:2      | Reached XP level 3. HP: 31/31 MP: 5/5
  1452 | D:3      | Noticed Terence
  1488 | D:3      | Killed Terence
  1490 | D:3      | Slain by a dart slug

Illustrated notes

Levels and vault maps discovered:
D:1:      lemuel_arrival_cross, layout_rooms,
          shapermc_ecumenical_altar_acropolis, minmay_shallow_snake_nest
D:2:      layout_rooms, serial_shops, shop_fountains,
          nicolae_elevator_lobby_asterisk
D:3:      layout_loops_cross, uniq_terence, uniq_crazy_yiuf_cottage

Skill      XL: |  1  2 |
---------------+-------+-----
Axes           | 2 3 |  3.1
Fighting       | 3 |  3.6
Armour         | |  2.6
Shields        | |  2.6

Action                   || total
-------------------------++-------
Melee: War axe           ||   113
 Fire: Sling             ||     4
Armor: Scale mail        ||    38
       Chain mail        ||    19
Dodge: Dodged            ||    37
Block: Buckler           ||    65
       Reflection        ||     2

Table legend: (Time is in decaauts)
 A = Elapsed time spent in this place.
 B = Non-inter-level travel time spent in this place.
 C = Inter-level travel time spent in this place.
 D = Time resting spent in this place.
 E = Time spent auto-exploring this place.
 F = Levels seen in this place.
 G = Mean time per level.
                   A        B        C        D        E       F      G
               +--------+--------+--------+--------+--------+-----+--------+
         Total |   1537 |   1535 |      2 |      0 |   1155 |   3 |  512.3 |
       Dungeon |   1537 |   1535 |      2 |      0 |   1155 |   3 |  512.3 |
               +--------+--------+--------+--------+--------+-----+--------+

Top non-repeatable levels by time:
     D:1: 836 daAuts
     D:2: 630 daAuts
     D:3: 71 daAuts
